 Dungeon Crawl Stone Soup version 0.13.0-29-gdb529de (webtiles) character file.

537 M4edhros the Caller (level 6, 0/36 HPs)
             Began as an Octopode Summoner on Nov 15, 2013.
             Was an Initiate of Cheibriados.
             Hit by a dart thrown by a gnoll (3 damage)
             ... on Level 4 of the Dungeon.
             The game lasted 00:10:26 (5053 turns).

M4edhros the Caller (Octopode Summoner)             Turns: 5053, Time: 00:10:26

HP   0/36        AC  3     Str  8      XL: 6   Next: 81%
MP   7/13        EV 12     Int 20      God: Cheibriados [......]
Gold 143         SH  0     Dex 15      Spells:  3 memorised,  3 levels left

Res.Fire  : + . .   See Invis. : .   t - +0 quarterstaff
Res.Cold  : x . .   Warding    : .   (no shield)
Life Prot.: . . .   Conserve   : .   u - +2 wizard hat
Res.Poison: .       Res.Corr.  : .   x - amulet of rage
Res.Elec. : .       Clarity    : .   q - ring of fire
Sust.Abil.: . .     Spirit.Shd : .   k - +1 ring of dexterity
Res.Mut.  : .       Stasis     : .   (no ring)
Res.Rott. : .       Flight     : .   (no ring)
Saprovore : . . .                    (no ring)
                                     (no ring)
                                     (no ring)
                                     (no ring)

@: very slow, slightly resistant to hostile enchantments, quite stealthy
A: almost no armour, amphibious, 8 rings, constrict 8, camouflage 1, AC +1
a: Renounce Religion, Evoke Berserk Rage


You were on level 4 of the Dungeon.
You worshipped Cheibriados.
Cheibriados was noncommittal.
You were very hungry.

You visited 2 branches of the dungeon, and saw 5 of its levels.

You collected 123 gold pieces.

Inventory:

Hand weapons
 g - a +0,+0 spear
 l - a +0,+0 sling
 t - a +0,+0 quarterstaff (weapon)
Missiles
 d - 77 stones (quivered)
 h - 10 steel darts
 m - a throwing net
 s - 57 sling bullets
Armour
 u - a +2 wizard hat (worn)
Magical devices
 o - a wand of frost (8)
 r - a wand of paralysis (1)
Comestibles
 c - a meat ration
Scrolls
 a - a scroll of noise
 f - 3 scrolls of fog
 i - a scroll of random uselessness
 j - a scroll of curse jewellery
 n - 2 scrolls of magic mapping {unknown}
 v - a scroll of amnesia
 w - a scroll of fear {unknown}
Jewellery
 k - a +1 ring of dexterity (right tentacle)
 q - a ring of fire (left tentacle)
 x - an amulet of rage (around mantle)
Potions
 e - a potion of might
 p - a potion of confusion
Books
 b - a book of Callings

   Spells                             Type                      Level
   *Summon Small Mammal               Summoning                    1
   Call Imp                           Summoning                    2
   *Call Canine Familiar              Summoning                    3
   Summon Scorpions                   Summoning/Poison             4
   *Summon Ice Beast                  Ice/Summoning                4


   Skills:
 - Level 2.0 Dodging
 - Level 2.6 Stealth
 + Level 3.3 Spellcasting
 * Level 6.6 Summonings
 + Level 1.9 Ice Magic


You had 3 spell levels left.
You knew the following spells:

 Your Spells              Type           Power        Failure   Level  Hunger
a - Summon Small Mammal   Summ           ####         1%          1    None
b - Call Canine Familiar  Summ           ####......   3%          3    ###....
c - Summon Ice Beast      Ice/Summ       ##........   24%         4    ####...


Dungeon Overview and Level Annotations

Branches:
Dungeon (4/27)             Temple (1/1) D:4

Altars:
Ashenzari
Cheibriados
Elyvilon
Fedhas
Kikubaaqudgha
Makhleb
Okawaru
Sif Muna
Trog
Vehumet
Xom
Yredelemnul
the Shining One

Annotations:
D:3 Grinder; Imon's ghost, average HODK


Innate Abilities, Weirdness & Mutations

You cannot wear most types of armour.
You are amphibious.
You can wear up to eight rings at the same time.
You can use your tentacles to constrict many enemies at once.
Your skin changes colour to match your surroundings (Stlth).
Your rubbery body absorbs attacks (AC +1).


Message History

The gnoll throws an orcish dagger.
The orcish dagger misses you.
Unknown command.
Drink which item? (? for menu, Esc to quit)
Okay, then.
Casting: Call Canine Familiar
Confirm with . or Enter, or press ? or * to list all spells.
Your jackal bites the gnoll.
The gnoll throws a stone.
The stone hits your jackal.
The gnoll hits your jackal with a flail.
The gnoll throws a dart.
The dart misses you.
Your jackal barely misses the gnoll.
The gnoll hits you from afar with a runed spear.
* * * LOW HITPOINT WARNING * * *
Unknown command.
Your jackal bites the gnoll but does no damage.
The gnoll throws a stone.
The stone misses your jackal. The stone hits you!
* * * LOW HITPOINT WARNING * * *
The gnoll barely misses your jackal.
The gnoll throws a dart.
The dart hits your jackal.
The gnoll throws a dart.
The dart hits you!
You die...

###)###≈#'#≈##.....# #...
#...# #_..._###'#### ####
#.### ####### #.## # #.#
#..# # ###'#####
#####.##### # #.......#
#.........# #
###.......######.........#
#
#.+.....).'..............#
#
#.#.......######@<.......#
# #.#.......# #(.(......#
# #.#.......# #...h.....#
# ..#####'### #...ggg...#
# ### ##.# #...hg....# #
#..# ######.#### # #.##
#..# # # #.# #.## #
######'### #.# ######


You could see 4 gnolls and 2 friendly jackals.

Vanquished Creatures
  An ogre (D:4)
  An orc priest (D:4)
  2 worker ants (D:4)
  An ogre skeleton (D:4)
  A gnoll (D:4)
  5 adders
  2 giant mites (D:2)
  A worm (D:4)
  A giant eyeball (D:4)
  A giant gecko (D:3)
  An ooze (D:1)
  18 orcs
  A ball python (D:1)
  4 giant cockroaches
  5 hobgoblins
  5 jackals
  5 kobolds
  A quokka (D:2)
  4 bats
  3 giant newts (D:2)
  2 goblins (D:4)
  A goblin skeleton (D:4)
  6 rats
72 creatures vanquished.

Vanquished Creatures (collateral kills)
  A phantom (D:4)
  A worker ant (D:4)
  The ghost of Imon the Digger, a weakling DEEE (D:4)
  2 gnolls (D:4)
  An orc (D:4)
  A hobgoblin (D:4)
  A rat (D:4)
8 creatures vanquished.

Vanquished Creatures (others)
  A wolf (D:4)
  3 jackals (D:4)
4 creatures vanquished.

Grand Total: 84 creatures vanquished

Notes
Turn   | Place    | Note
--------------------------------------------------------------
     0 | D:1      | M4edhros, the Octopode Summoner, began the quest for the Orb.
     0 | D:1      | Reached XP level 1. HP: 11/11 MP: 3/3
   409 | D:1      | Reached XP level 2. HP: 13/17 MP: 4/4
  1271 | D:2      | Paralysed by a potion of paralysis for 7 turns
  1358 | D:2      | Reached XP level 3. HP: 19/21 MP: 6/6
  2042 | D:3      | Reached skill level 5 in Summonings
  2135 | D:3      | Reached XP level 4. HP: 12/27 MP: 7/7
  2335 | D:3      | Noticed Imon's ghost (average HODK)
  2932 | D:3      | Noticed Grinder
  3143 | D:4      | Reached XP level 5. HP: 18/31 MP: 10/10
  3306 | D:4      | Found a glowing golden altar of the Shining One.
  3306 | D:4      | Found a shattered altar of Ashenzari.
  3601 | D:4      | Found a staircase to the Ecumenical Temple.
  3623 | Temple   | Entered the Ecumenical Temple
  3798 | Temple   | Learned a level 3 spell: Call Canine Familiar
  3803 | Temple   | Learned a level 4 spell: Summon Ice Beast
  3841 | Temple   | Became a worshipper of Cheibriados the Contemplative
  4042 | D:4      | Reached skill level 6 in Summonings
  4144 | D:4      | Noticed Imon's ghost (weakling DEEE)
  4145 | D:4      | Noticed an ogre
  4163 | D:4      | Killed Imon's ghost
  4178 | D:4      | Killed an ogre
  4178 | D:4      | Reached skill level 1 in Ice Magic
  4178 | D:4      | Reached XP level 6. HP: 22/36 MP: 1/12
  4726 | D:4      | Noticed a phantom
  4743 | D:4      | Killed a phantom
  5053 | D:4      | Hit by a dart thrown by a gnoll

Action                   |  1- 3 |  4- 6 || total
-------------------------+-------+-------++-------
Melee: Spear             |    75 |    84 ||   159
       Unarmed           |     2 |       ||     2
       Quarterstaff      |       |    49 ||    49
       Short sword       |       |     2 ||     2
 Fire: Sling             |     4 |       ||     4
 Cast: Call Canine Famil |       |    12 ||    12
Evoke: Wand              |       |     2 ||     2
  Use: Potion            |     2 |     5 ||     7
       Scroll            |       |     6 ||     6
 Stab: Paralysed         |       |     4 ||     4
       Sleeping          |       |     8 ||     8
       Distracted        |       |     1 ||     1
